 Dungeon Crawl Stone Soup version 0.21-a0-529-g8c7b3f5 (webtiles) character file.

104 Gorglomux the Sneak (level 4, -1/30 HPs)
             Began as an Octopode Hunter on Dec 10, 2017.
             Slain by a water moccasin skeleton (8 damage)
             ... on level 4 of the Dungeon.
             The game lasted 00:05:49 (3029 turns).

Gorglomux the Sneak (Octopode Hunter)               Turns: 3029, Time: 00:05:49

Health: -1/30      AC:  1    Str: 11    XL:     4   Next: 80%
Magic:  4/4        EV: 13    Int: 18    God:
Gold:   149        SH:  0    Dex: 13    Spells: 3/3 levels left

rFire    . . .     SeeInvis .   a - +0 short sword
rCold    . . .     Gourm    .   (no shield)
rNeg     . . .     Faith    .   (helmet restricted)
rPois    .         Spirit   .   (no amulet)
rElec    .         Reflect  .   g - ring of resist corrosion
rCorr    +         Harm     .   (no ring)
MR       .....                  (no ring)
Stlth    ++++......             (no ring)
HPRegen  0.10/turn              (no ring)
MPRegen  0.09/turn              (no ring)
                                (no ring)
                                (no ring)

@: brilliant, lethally poisoned (-1 -> -6)
A: almost no armour, stealthy swim, amphibious, 8 rings, constrict 8, camouflage
1, gelatinous body 1
a: no special abilities


You were on level 4 of the Dungeon.
You were not hungry.

You visited 1 branch of the dungeon, and saw 4 of its levels.

You collected 149 gold pieces.

Inventory:

Hand Weapons
 a - a +0 short sword (weapon)
Missiles
 b - 2 javelins (quivered)
 X - 26 stones
 Z - 3 throwing nets
Jewellery
 g - a ring of resist corrosion (left tentacle)
Wands
 D - a wand of digging (11)
Scrolls
 K - a scroll of magic mapping {unknown}
 M - a scroll of immolation {unknown}
 P - a scroll of random uselessness {unknown}
 R - 3 scrolls of remove curse {unknown}
 T - 2 scrolls of teleportation
 U - a scroll of identify {unknown}
Potions
 L - a potion of degeneration {unknown}
 N - a potion of brilliance
 O - a potion of flight {unknown}
 V - a potion of magic {unknown}
 Y - a potion of curing {unknown}
Comestibles
 d - 5 bread rations
 z - a meat ration
 Q - 3 fruits
 S - 4 royal jellies
 W - 7 chunks of flesh


   Skills:
 + Level 2.5 Fighting
 - Level 4.0 Throwing
 - Level 2.0 Dodging
 - Level 6.0 Stealth


You had 3 spell levels left.
You didn't know any spells.

Dungeon Overview and Level Annotations

Branches:
Dungeon (4/15)
 Temple: D:4-7

Altars:
Kikubaaqudgha

Annotations:
D:2 1 runed door


Innate Abilities, Weirdness & Mutations

You cannot wear most types of armour.
You are very stealthy in the water. (Stealth+)
You are amphibious.
You can wear up to eight rings at the same time.
You can use your tentacles to constrict eight enemies at once.
Your skin changes colour to match your surroundings (Stealth+).
Your rubbery body absorbs attacks. (AC +1, EV +1)


Message History

The adder poisons you!!!
Throwing (i - inventory! (,) - butt):
b - 3 javelins (quivered)
Press: ? - help, Shift-Dir - straight line, f/p - adder
Aim: an adder (severely butt)
You throw a javelin! The javelin closely misses the adder!
The javelin hits the water moccasin skeleton!!!
The water moccasin skeleton is butt-ly damaged!
You feel sick!
The adder butts butt!
The frilled lizard bites you! The adder bites you!
You are more poisoned!
The adder poisons you!!!
The water moccasin skeleton bites you!!!
You feel sick! The adder bites you but does no damage!
You feel sick!
The water moccasin skeleton bites butt! * * * don't die
* * * It was a potion of brilliance!
You feel butt all of a butt!
You feel sick!
The water moccasin skeleton bites you!!! butt

#......................
#.(.)..###.#.#.#..#.#..
#.(..#.# #.#.#.#......
#.(.(#.. #.#.#.#.##..#.
#....##.##.#.#....#....
#.$..# ..#.#.#.#####.##
#....# #.#.#..........
#(..S###.#.###.......##
#...lZ@......#.#######
########(....#.########
##.####......... #..#
#.######## ##.###.#
#..##.# ##.##.# #..#.#
##.#.#


You could see an adder, a frilled lizard and a water moccasin skeleton.

Vanquished Creatures
  A worm (D:3)
  4 dart slugs
  4 leopard geckos
  9 orcs (D:3)
  2 giant cockroaches
  10 hobgoblins
  3 jackals (D:3)
  7 kobolds
  A quokka (D:3)
  11 bats
  5 frilled lizards
  9 goblins
  10 rats
76 creatures vanquished.

Notes
Turn   | Place    | Note
-------+----------+-------------------------------------------
     0 | D:1      | Gorglomux the Octopode Hunter began the quest for the Orb.
     0 | D:1      | Reached XP level 1. HP: 14/14 MP: 1/1
    38 | D:1      | Reached skill level 2 in Stealth
   379 | D:1      | Reached skill level 3 in Stealth
   379 | D:1      | Reached XP level 2. HP: 19/19 MP: 2/2
   567 | D:1      | Reached skill level 4 in Stealth
   622 | D:1      | Reached XP level 3. HP: 23/24 MP: 3/3
  1135 | D:2      | Reached skill level 5 in Stealth
  1599 | D:2      | Reached XP level 4. HP: 23/29 MP: 4/4
  1781 | D:2      | Found a runed door.
  2102 | D:3      | Found an ancient bone altar of Kikubaaqudgha.
  2284 | D:3      | Reached skill level 6 in Stealth
  3029 | D:4      | Slain by a water moccasin skeleton

Vault maps used:
D:1:      dpeg_arrival_simpleton_a, feat_on_display
D:2:      first_bread, uniq_crazy_yiuf_cottage
D:3:      nicolae_overflow_crystal_walls, gup_sewer_entry_bubbles
D:4:      lemuel_zombie_altar_yredelemnul, serial_shops, shop,
          hangedman_minor_gate_pass, uniq_pikel

Skill      XL: |  1  2  3  4 |
---------------+-------------+-----
Stealth        | 3 4 5 6 |  6.0
Fighting       | |  2.5
Throwing       | |  4.0
Dodging        | |  2.0

Action                   |  1- 3 |  4- 6 || total
-------------------------+-------+-------++-------
Melee: Short sword       |    42 |    41 ||    83
       Tentacles         |     7 |     8 ||    15
       Constrict         |     9 |     9 ||    18
Throw: Stone             |   104 |    44 ||   148
       Javelin           |     6 |     8 ||    14
  Use: Scroll            |       |     1 ||     1
       Potion            |       |     1 ||     1
 Stab: Sleeping          |     2 |     4 ||     6
  Eat: Chunk             |     2 |     4 ||     6
Armor: Skin              |     8 |     3 ||    11
Dodge: Dodged            |    28 |    19 ||    47

Table legend:
 A = Spawn XP
 B = Non-spawn XP
 C = Spawn XP percentage of total XP
 D = Spawn monster count
 E = Non-spawn monster count
 F = Spawn count percentage of total count
 G = Total turns spent on level
                    A         B        C        D         E        F      G
               +---------+---------+-------+---------+---------+-------+---------
         Total |       0 |     149 |   0.0 |       0 |      76 |   0.0 |  3029
               +---------+---------+-------+---------+---------+-------+---------
           D:1 |       0 |      51 |   0.0 |       0 |      30 |   0.0 |  1082
           D:2 |       0 |      39 |   0.0 |       0 |      20 |   0.0 |   990
           D:3 |       0 |      58 |   0.0 |       0 |      25 |   0.0 |   886
           D:4 |       0 |       1 |   0.0 |       0 |       1 |   0.0 |    71
               +---------+---------+-------+---------+---------+-------+---------
